 Dungeon Crawl Stone Soup version 0.29-a0-284-gf9362112df (webtiles) character file.

Game seed: 2624599607986727268

602 marklar909 the Grave Robber (level 7, 0/56 HPs)
             Began as a Ghoul Necromancer on Mar 24, 2022.
             Slain by a sky beast (6 damage)
             ... on level 5 of the Dungeon.
             The game lasted 00:06:22 (5600 turns).

marklar909 the Grave Robber (Ghoul Necromancer)     Turns: 5600, Time: 00:06:23

Health: 0/56       AC:  5    Str: 12    XL:     7   Next: 41%
Magic:  2/11       EV: 12    Int: 12    God:
Gold:   208        SH:  0    Dex:  9    Spells: 9/13 levels left

rFire   . . .      SeeInvis .     - Unarmed
rCold   + + .      Faith    .   (no shield)
rNeg    + + +      Spirit   .   f - +2 robe {rC+}
rPois   ∞          Reflect  .   (no helmet)
rElec   .          Harm     .   c - scarf {repulsion}
rCorr   .          Rampage  .   (no gloves)
Will    .....                   e - +0 pair of boots
Stlth   ++........              (no amulet)
HPRegen 0.00/turn               (no ring)
MPRegen 0.12/turn               (no ring)

@: inhibited regen, repel missiles
A: claws 1, cold resistance 1, negative energy resistance 3, inhibited
regeneration, torment resistance 2
a: no special abilities


You were on level 5 of the Dungeon.
You visited 1 branch of the dungeon, and saw 5 of its levels.

You collected 208 gold pieces.

Inventory:

Armour
 a - a +0 robe
 c - a scarf of repulsion (worn)
 e - a +0 pair of boots (worn)
 f - a +2 robe of cold resistance (worn)
Scrolls
 k - 2 scrolls of brand weapon {unknown}
 l - 5 scrolls of identify
 p - a scroll of vulnerability {unknown}
 q - a scroll of immolation {unknown}
 r - a scroll of teleportation
 s - a scroll of fear {unknown}
Potions
 b - a potion of magic
 d - 2 potions of might
 g - 2 potions of resistance {unknown}
 h - 2 potions of brilliance {unknown}
 i - a potion of flight {unknown}
 j - a potion of lignification {unknown}
 m - 2 potions of degeneration {unknown}
 n - 2 potions of curing {unknown}
 o - 2 potions of invisibility {unknown}


   Skills:
 * Level 2.9 Fighting
 * Level 2.6 Dodging
 + Level 2.6 Stealth
 + Level 2.4 Unarmed Combat
 + Level 3.7 Spellcasting
 + Level 6.0 Necromancy


You had 9 spell levels left.
You knew the following spells:

 Your Spells              Type           Power      Damage    Failure   Level
a - Pain                  Necr           64%        1d7       1%          1
b - Vampiric Draining     Necr           16%        2d7       5%          3

Your spell library contained the following spells:

 Spells                   Type           Power      Damage    Failure   Level
 Animate Skeleton         Necr           32%        N/A       1%          1
 Animate Dead             Necr           8%         N/A       19%         4
 Agony                    Necr           16%        N/A       45%         5


Dungeon Overview and Level Annotations

Branches:
Dungeon (5/15)
 Temple: D:4-7

Altars:
Trog


Innate Abilities, Weirdness & Mutations

You thrive by killing the living.
You are immune to poison.
You have sharp fingernails.
Your flesh is cold resistant. (rC+)
You are immune to negative energy. (rN+++)
You do not regenerate when monsters are visible.
You are immune to unholy pain and torment.


Message History

The sky beast writhes in agony.
The sky beast hits you. The sky beast shocks you.
Unknown command.
You barely miss the sky beast.
The sky beast is almost dead.
The sky beast hits you but does no damage.
You closely miss the sky beast.
The sky beast is almost dead.
The sky beast hits you but does no damage.
You closely miss the sky beast. Your claw misses the sky beast.
The sky beast is almost dead.
The sky beast closely misses you.
You miss the sky beast.
The sky beast is almost dead.
The sky beast hits you. The sky beast shocks you.
You closely miss the sky beast.
The sky beast is almost dead.
The sky beast hits you. The sky beast shocks you.
You barely miss the sky beast.
The sky beast is almost dead.
The sky beast hits you. The sky beast shocks you.
* * * LOW HITPOINT WARNING * * *
You scratch the sky beast but do no damage.
The sky beast is almost dead.
The sky beast hits you but does no damage.
You barely miss the sky beast.
The sky beast is almost dead.
The sky beast hits you but does no damage.
You completely miss the sky beast.
The sky beast is almost dead.
The sky beast hits you.
* * * LOW HITPOINT WARNING * * *
The sky beast shocks you.
* * * LOW HITPOINT WARNING * * *
The sky beast flickers out of sight!
Deactivating autopickup; reactivate with Ctrl-A.
Something hits you.
* * * LOW HITPOINT WARNING * * *
Something shocks you.
You die...

#.# #..# #.# ##.#
#.# #.# #.# #.#
#.# #.# ##.## #.#
#...### #<# ####
#.#...# #.# #...
#...#@# #.# #.##
#####.#####.# #.#
#.......# #.#
#######.#######.#
#......(..##
#...........
#########.## #.#
#.#


There were no monsters in sight!

Vanquished Creatures
  A hornet (D:5)
  Edmund (D:4)
  A scorpion (D:3)
  A howler monkey (D:5)
  A hound (D:4)
  An orc priest (D:4)
  5 adders
  A worm (D:3)
  3 dart slugs
  6 orcs
  10 ball pythons
  2 bats (D:1)
  9 endoplasms
  A giant cockroach (D:2)
  4 goblins
  A hobgoblin (D:4)
  12 kobolds
  3 quokkas
  2 frilled lizards (D:2)
  4 rats
69 creatures vanquished.

Vanquished Creatures (others)
  3 plants (D:2)
3 creatures vanquished.

Grand Total: 72 creatures vanquished

Notes
Turn   | Place    | Note
-------+----------+-------------------------------------------
     0 | D:1      | marklar909 the Ghoul Necromancer began the quest for the
                  | Orb.
     0 | D:1      | Reached XP level 1. HP: 14/14 MP: 2/2
   706 | D:1      | Reached XP level 2. HP: 20/20 MP: 0/3
  1112 | D:2      | Reached skill level 1 in Unarmed Combat
  1112 | D:2      | Reached XP level 3. HP: 22/26 MP: 0/4
  1116 | D:2      | Learned a level 3 spell: Vampiric Draining
  1913 | D:3      | Found a bloodstained altar of Trog.
  2085 | D:3      | Reached XP level 4. HP: 33/33 MP: 0/6
  2834 | D:3      | Noticed a scorpion
  2853 | D:3      | Killed a scorpion
  2854 | D:3      | Reached skill level 1 in Fighting
  2854 | D:3      | Reached skill level 5 in Necromancy
  2854 | D:3      | Reached XP level 5. HP: 21/40 MP: 0/7
  4390 | D:4      | Noticed Edmund
  4422 | D:4      | Killed Edmund
  4423 | D:4      | Reached XP level 6. HP: 3/48 MP: 0/9
  5252 | D:5      | Entered Level 5 of the Dungeon
  5273 | D:5      | Noticed a hornet
  5285 | D:5      | Killed a hornet
  5286 | D:5      | Reached skill level 6 in Necromancy
  5286 | D:5      | Reached XP level 7. HP: 35/56 MP: 0/11
  5600 | D:5      | Slain by a sky beast

Illustrated notes

Levels and vault maps discovered:
D:1:      lemuel_arrival_river_ford, layout_loops_ring,
          chequers_serial_rivers_marsh, nrook_loot_triangle
D:2:      layout_loops_ring, lexackson_kobold_supper
D:3:      minmay_door_path, layout_basic, mainiacjoe_overflow_alcove_4,
          minmay_diced_spiral
D:4:      layout_loops_corners, kennysheep_generic_room_13, uniq_edmund
D:5:      layout_loops_ring, kennysheep_little_box

Skill      XL: |  1  2  3  4  5  6 |
---------------+-------------------+-----
Unarmed Combat | 1 2 |  2.4
Spellcasting   | 2 3 |  3.7
Dodging        | 2 |  2.6
Fighting       | 1 2 |  2.9
Necromancy     | 5 6 |  6.0
Stealth        | |  2.6

Action                   |  1- 3 |  4- 6 |  7- 9 || total
-------------------------+-------+-------+-------++-------
Melee: Unarmed           |    73 |    60 |    12 ||   145
       Punch             |     1 |       |       ||     1
 Cast: Pain              |    42 |    88 |     8 ||   138
       Vampiric Draining |       |    10 |     2 ||    12
  Use: Scroll            |     2 |     3 |       ||     5
 Stab: Sleeping          |     1 |     1 |       ||     2
Armor: Robe              |    41 |    20 |     8 ||    69
Dodge: Dodged            |    72 |    65 |     3 ||   140

Table legend: (Time is in decaauts)
 A = Elapsed time spent in this place.
 B = Non-inter-level travel time spent in this place.
 C = Inter-level travel time spent in this place.
 D = Time resting spent in this place.
 E = Time spent auto-exploring this place.
 F = Levels seen in this place.
 G = Mean time per level.
                   A        B        C        D        E       F      G
               +--------+--------+--------+--------+--------+-----+--------+
         Total |   5604 |   5407 |    197 |   1002 |   3746 |   5 | 1120.8 |
       Dungeon |   5604 |   5407 |    197 |   1002 |   3746 |   5 | 1120.8 |
               +--------+--------+--------+--------+--------+-----+--------+

Top non-repeatable levels by time:
     D:3: 1732 daAuts
     D:4: 1478 daAuts
     D:2: 1188 daAuts
     D:1: 858 daAuts
     D:5: 346 daAuts
